 Dungeon Crawl Stone Soup version 0.28.0-1-gb440e238dd (webtiles) character file.

Game seed: 11620973202644835345

613 hawla the Conjurer (level 7, -5/37 HPs)
             Began as a Deep Elf Conjurer on Feb 25, 2022.
             Slain by Duvessa (11 damage)
             ... on level 5 of the Dungeon.
             The game lasted 00:10:57 (5867 turns).

hawla the Conjurer (Deep Elf Conjurer)              Turns: 5867, Time: 00:10:57

Health: -5/37      AC:  8    Str:  4    XL:     7   Next: 20%
Magic:  5/18       EV: 13    Int: 31    God:
Gold:   131        SH:  0    Dex: 13    Spells: 11/18 levels left

rFire   + . .      SeeInvis .   d - +2 quarterstaff (chaos)
rCold   . . .      Faith    .   (shield currently unavailable)
rNeg    . . .      Spirit   .   a - +0 robe
rPois   .          Reflect  .   m - +0 helmet
rElec   .          Harm     .   h - +1 cloak {rCorr}
rCorr   +          Rampage  +   (no gloves)
Will    .....                   f - +2 pair of boots {rampage}
Stlth   +++.......              (no amulet)
HPRegen 0.12/turn               p - +6 ring of intelligence
MPRegen 0.16/turn               b - ring of protection from fire

@: no status effects
A: no striking features
a: no special abilities


You were on level 5 of the Dungeon.
You visited 2 branches of the dungeon, and saw 6 of its levels.

You collected 131 gold pieces.

Inventory:

Hand Weapons
 d - a +2 quarterstaff of chaos (weapon)
Missiles
 e - 8 poisoned darts (quivered)
 l - 3 javelins
Armour
 a - a +0 robe (worn)
 f - a +2 pair of boots of rampaging (worn)
 h - a +1 cloak of preservation (worn)
 m - a +0 helmet (worn)
Jewellery
 b - a ring of protection from fire (right hand)
 p - a +6 ring of intelligence (left hand)
Wands
 k - a wand of acid (5)
 r - a wand of digging (7)
Scrolls
 n - a scroll of fog
 o - a scroll of amnesia {unknown}
Potions
 g - a potion of degeneration {unknown}
 j - 2 potions of mutation
 q - a potion of curing


   Skills:
 + Level 0.4 Fighting
 + Level 1.7 Staves
 + Level 3.9 Dodging
 + Level 4.2 Stealth
 + Level 6.1 Spellcasting
 + Level 6.9 Conjurations
 + Level 0.2 Translocations


You had 11 spell levels left.
You knew the following spells:

 Your Spells              Type           Power      Damage    Failure   Level
a - Magic Dart            Conj           100%       1d8       1%          1
b - Searing Ray           Conj           100%       2d8       1%          2
c - Iskenderun's Mystic   Conj/Tloc      31%        2d8       11%         4

Your spell library contained the following spells:

 Spells                   Type           Power      Damage    Failure   Level
 Dazzling Flash           Conj/Hex       62%        N/A       3%          3
 Stone Arrow              Conj/Erth      62%        3d10      3%          3
 Sandblast                Erth           18%        2d7       4%          1
 Passwall                 Tmut/Erth      7%         N/A       8%          2
 Fulminant Prism          Conj/Hex       15%        3d11      12%         4
 Confusing Touch          Hex            9%         N/A       14%         3
 Yara's Violent Unravell  Hex/Tmut       4%         3d4       80%         5
 Enfeeble                 Hex            4%         N/A       100%        7


Dungeon Overview and Level Annotations

Branches:
Dungeon (5/15)             Temple (1/1) D:4

Altars:
Ashenzari
Cheibriados
Dithmenos
Elyvilon
Fedhas
Gozag
Hepliaklqana
Kikubaaqudgha
Okawaru
Ru
Sif Muna
Trog
Uskayaw
Wu Jian
Xom
Yredelemnul
Zin

Shops:
D:1 [

Annotations:
D:5 3 runed translucent doors, Duvessa; Woods's ghost, novice MiFi


Message History

Dowan points at Duvessa and mumbles some strange words.
Duvessa seems to speed up.
Casting: Iskenderun's Mystic Blast (quite dangerous; 12% risk of failure)
Confirm with . or Enter, or press ? or * to list all spells.
The spell is quite dangerous to miscast (12% risk of failure)!
Continue anyway?
You erupt in a blast of force!
The mystic blast hits Duvessa.
Duvessa is heavily wounded.
Duvessa is knocked back by the mystic blast.
Duvessa slams into the crystal wall!
The mystic blast hits Dowan!
You kill Dowan!
Duvessa weeps, and shakes her weapon.
Duvessa shakes off her lethargy.
Duvessa goes berserk!
Casting: Iskenderun's Mystic Blast (quite dangerous; 11% risk of failure)
Confirm with . or Enter, or press ? or * to list all spells.
Aiming: Searing Ray (safe; 1% risk of failure)
Press: ? - help, Shift-Dir - straight line, f - Duvessa
Aim: Duvessa, wielding a +4 short sword of holy wrath and wearing a +0 ring mail (heavily wounded, berserk, fast, 87% to hit)
The searing ray hits Duvessa!
Duvessa is heavily wounded. (Press . to maintain the ray.)
The searing ray hits Duvessa!
Duvessa is almost dead.
Duvessa hits you with a +4 short sword of holy wrath.
Duvessa hits you with a +4 short sword of holy wrath!
* * * LOW HITPOINT WARNING * * *
You feel much better.
Duvessa hits you with a +4 short sword of holy wrath.
You hit Duvessa. You burn Duvessa.
Duvessa is almost dead.
Duvessa hits you with a +4 short sword of holy wrath!
Duvessa hits you with a +4 short sword of holy wrath.
* * * LOW HITPOINT WARNING * * *
You feel much better. Duvessa closely misses you.
Duvessa hits you with a +4 short sword of holy wrath!
* * * LOW HITPOINT WARNING * * *
As you read the scroll labelled RUCVIO IREL, it crumbles to dust.
The creatures around you are filled with an inner flame!
It was a scroll of immolation.
Duvessa hits you with a +4 short sword of holy wrath!
You die...

#### #####..# #.8.##.#
####+### ....#.###......#
!.###K+.##.......
#!...KW+..#.e)♣ #.
#..###K+..'.@8♣ #.
#.KKKK#.##..♣♣ #.
##.8K##.##..!8♣ ..
#####..##....... ##.
#.##.####......# ##.?
#.....#####+####...####...
##.......'.<.......+......
##...####.........####...
#..## ##.......# #....


You could see Duvessa (berserk, fast, inner flame), a kobold brigand, Woods's
ghost and 5 kobolds.

Vanquished Creatures
  A sky beast (D:5)
  A scorpion (D:5)
  A wyvern zombie (D:5)
  Dowan (D:5)
  Crazy Yiuf (D:2)
  Ijyb (D:3)
  An iguana (D:4)
  2 orc wizards
  A killer bee zombie (D:5)
  A hound zombie (D:5)
  A hound skeleton (D:4)
  A howler monkey skeleton (D:4)
  5 adders
  A river rat (D:5)
  An adder skeleton (D:4)
  4 worms
  A dart slug (D:5)
  17 orcs
  9 endoplasms
  6 giant cockroaches
  6 goblins
  5 hobgoblins
  6 jackals
  2 kobolds (D:2)
  4 ball pythons
  2 bats
  3 frilled lizards
  8 rats
93 creatures vanquished.

Vanquished Creatures (others)
  3 fungi (D:5)
  A plant (D:5)
4 creatures vanquished.

Grand Total: 97 creatures vanquished

Notes
Turn   | Place    | Note
-------+----------+-------------------------------------------
     0 | D:1      | hawla the Deep Elf Conjurer began the quest for the Orb.
     0 | D:1      | Reached XP level 1. HP: 10/10 MP: 6/6
   248 | D:1      | Found Plog's Antique Armour Shop.
   652 | D:1      | Reached XP level 2. HP: 15/15 MP: 5/8
   655 | D:1      | Learned a level 2 spell: Searing Ray
  1146 | D:2      | Reached skill level 5 in Conjurations
  1201 | D:2      | Reached XP level 3. HP: 19/19 MP: 6/9
  1993 | D:2      | Found a faded altar of an unknown god.
  2315 | D:2      | Found a runed translucent door.
  2316 | D:2      | Noticed Crazy Yiuf
  2327 | D:2      | Killed Crazy Yiuf
  2328 | D:2      | Reached XP level 4. HP: 4/24 MP: 7/11
  2762 | D:3      | Found a shimmering altar of Xom.
  2958 | D:3      | Noticed Ijyb
  2978 | D:3      | Killed Ijyb
  2979 | D:3      | Reached XP level 5. HP: 28/28 MP: 5/13
  2987 | D:3      | Learned a level 4 spell: Iskenderun's Mystic Blast
  3664 | D:3      | Found an ornate altar of the Wu Jian Council.
  3810 | D:4      | Found a staircase to the Ecumenical Temple.
  3822 | Temple   | Entered the Ecumenical Temple
  4095 | D:4      | Reached skill level 5 in Spellcasting
  4226 | D:4      | Found a faded altar of an unknown god.
  4226 | D:4      | Found a faded altar of an unknown god.
  4228 | D:4      | Found a faded altar of an unknown god.
  4228 | D:4      | Found a hazy altar of Hepliaklqana.
  4342 | D:4      | Reached XP level 6. HP: 32/32 MP: 12/15
  4364 | D:4      | Found a bloodstained altar of Trog.
  4705 | D:4      | Found a snail-covered altar of Cheibriados.
  4710 | D:4      | Found a blossoming altar of Fedhas.
  4770 | D:5      | Entered Level 5 of the Dungeon
  4912 | D:5      | Noticed a sky beast
  4921 | D:5      | Killed a sky beast
  4922 | D:5      | Reached skill level 1 in Staves
  5058 | D:5      | Reached XP level 7. HP: 10/37 MP: 12/18
  5490 | D:5      | Found a hide-covered altar of Uskayaw.
  5621 | D:5      | Found a runed translucent gate.
  5622 | D:5      | Found a runed translucent gate.
  5624 | D:5      | Found a runed translucent gate.
  5627 | D:5      | Noticed Woods's ghost (novice MiFi)
  5849 | D:5      | Noticed Duvessa
  5849 | D:5      | Noticed Dowan
  5861 | D:5      | Killed Dowan
  5867 | D:5      | Slain by Duvessa

Illustrated notes

Levels and vault maps discovered:
D:1:      dpeg_arrival_tiny_c, layout_basic, serial_shops, shop,
          chequers_serial_rivers_small_b
D:2:      layout_rooms, hellmonk_ecumenical_altar_heavens_door,
          nicolae_wormholes, uniq_crazy_yiuf_cottage
D:3:      layout_basic, pf_just_have_faith, mainiacjoe_overflow_24_doors,
          serial_corexii_hall, chequers_hall_statues_wall_a,
          chequers_hall_statues_wall_a, minmay_ruptured, uniq_ijyb
D:4:      layout_rooms, mainiacjoe_overflow_six_doors_small,
          nicolae_hepliaklqana_ecumenical_no_more,
          amethyst_overflow_temple_binary, minmay_temple_entry_stoned_glass,
          enter_ossuary_2
D:5:      layout_loops_corners, marbit_many_paths,
          gammafunk_ghost_nasty_kobolds, gup_sewer_entry_spiral,
          kennysheep_another_room, uniq_duvessa
Temple:   dpeg_chambers_temple

Skill      XL: |  1  2  3  4  5  6 |
---------------+-------------------+-----
Conjurations   | 5 6 |  6.9
Spellcasting   | 4 5 6 |  6.1
Stealth        | 3 4 |  4.2
Dodging        | 3 |  3.9
Staves         | 1 |  1.7
Fighting       | |  0.4
Translocations | |  0.2

Action                   |  1- 3 |  4- 6 |  7- 9 || total
-------------------------+-------+-------+-------++-------
Melee: Unarmed           |    13 |       |       ||    13
       Punch             |     1 |       |       ||     1
       Quarterstaff      |       |    45 |    15 ||    60
 Cast: Magic Dart        |    30 |    10 |       ||    40
       Searing Ray       |    20 |    28 |     4 ||    52
       Iskenderun's Myst |       |     6 |     4 ||    10
  Use: Scroll            |     2 |     7 |     1 ||    10
       Potion            |     1 |       |     3 ||     4
 Stab: Sleeping          |       |     1 |       ||     1
       Distracted        |       |       |     1 ||     1
Armor: Robe              |     6 |    21 |     8 ||    35
Dodge: Dodged            |    26 |    38 |    14 ||    78
